 Dungeon Crawl Stone Soup version 0.28-a0-1087-gf3fc490d9d (webtiles) character file.

Game seed: 775915861571045737

38 RepHenryClay the Digger (level 3, -3/21 HPs)
             Began as an Octopode Earth Elementalist on Dec 10, 2021.
             Slain by Sigmund (6 damage)
             ... on level 2 of the Dungeon.
             The game lasted 00:01:31 (1483 turns).

RepHenryClay the Digger (OpEE)                      Turns: 1483, Time: 00:01:32

Health: -3/21      AC:  1    Str:  7    XL:     3   Next: 43%
Magic:  3/6        EV: 13    Int: 19    God:
Gold:   31         SH:  0    Dex: 12    Spells: 2/6 levels left

rFire   . . .      SeeInvis .   (no weapon)
rCold   . . .      Faith    .   (no shield)
rNeg    . . .      Spirit   .   (helmet restricted)
rPois   .          Reflect  .   (no amulet)
rElec   .          Harm     .   d - ring of resist corrosion
rCorr   +          Rampage  .   e - ring of flight
Will    .....                   (no ring)
Stlth   +++.......              (no ring)
HPRegen 0.07/turn               (no ring)
MPRegen 0.10/turn               (no ring)
                                (no ring)
                                (no ring)

@: flying
A: almost no armour, amphibious, 8 rings, camouflage 1, gelatinous body 1,
(nimble swimmer 1), tentacles
a: no special abilities


You were on level 2 of the Dungeon.
You visited 1 branch of the dungeon, and saw 2 of its levels.

You collected 31 gold pieces.

Inventory:

Missiles
 b - 50 stones
Jewellery
 d - a ring of resist corrosion (left tentacle)
 e - a ring of flight (right tentacle)
Scrolls
 a - a scroll of immolation {unknown}
 c - a scroll of identify {unknown}
Potions
 f - a potion of curing {unknown}


   Skills:
 - Level 2.3 Dodging
 - Level 3.2 Stealth
 - Level 2.2 Spellcasting
 + Level 0.8 Conjurations
 - Level 1.4 Transmutations
 - Level 3.2 Earth Magic


You had 2 spell levels left.
You knew the following spells:

 Your Spells              Type           Power      Damage    Failure   Level
a - Sandblast             Erth           28%        2d8       4%          1
b - Stone Arrow           Conj/Erth      20%        3d8       22%         3

Your spell library contained the following spells:

 Spells                   Type           Power      Damage    Failure   Level
 Passwall                 Tmut/Erth      9%         N/A       10%         2
 Petrify                  Tmut/Erth      11%        N/A       52%         4


Dungeon Overview and Level Annotations

Branches:
Dungeon (2/15)

Altars:

Annotations:
D:2 Sigmund


Innate Abilities, Weirdness & Mutations

You cannot wear most types of armour.
You are amphibious.
You can wear up to eight rings at the same time.
Your skin changes colour to match your surroundings (Stealth+).
Your rubbery body absorbs attacks. (AC +1, EV +1)
((You are camouflaged near water. (Stealth+)))
You have tentacles for arms and can constrict up to eight enemies at once.


Message History

HP restored.
You start resting.
Magic restored.
d - a ring of resist corrosion (left tentacle)
You fly up into the air.
e - a ring of flight (right tentacle)
f - a brown potion A sudden malevolence fills the Dungeon... and a teleportation trap spontaneously manifests!
You are suddenly yanked towards a nearby monster!
Your surroundings suddenly seem different.
Casting: Sandblast (safe; 4% risk of failure)
Confirm with . or Enter, or press ? or * to list all spells.
Aiming: Sandblast (safe; 4% risk of failure)
Press: ? - help, Shift-Dir - straight line, f - Sigmund
Aim: Sigmund, wielding a +0 scythe and wearing a +2 robe (asleep, 100% to hit)
The blast of sand hits Sigmund.
Sigmund is lightly wounded.
Sigmund shouts!
Sigmund points at you and mumbles some strange words.
The magic dart hits you!
Huge Dmg: -47%(-10hp) hp: 53%(11hp)
Casting: Sandblast (safe; 4% risk of failure)
Confirm with . or Enter, or press ? or * to list all spells.
Aiming: Sandblast (safe; 4% risk of failure)
Press: ? - help, Shift-Dir - straight line, f/p - Sigmund
Aim: Sigmund, wielding a +0 scythe and wearing a +2 robe (lightly wounded, 77% to hit)
The blast of sand hits Sigmund.
Sigmund is moderately wounded.
Sigmund hits you with a +0 scythe!
* * * LOW HITPOINT WARNING * * *
Huge Dmg: -38%(-8hp) hp: 15%(3hp)
Casting: Sandblast (safe; 4% risk of failure)
Confirm with . or Enter, or press ? or * to list all spells.
Aiming: Sandblast (safe; 4% risk of failure)
Press: ? - help, Shift-Dir - straight line, f/p - Sigmund
Aim: Sigmund, wielding a +0 scythe and wearing a +2 robe (moderately wounded, 77% to hit)
The blast of sand hits Sigmund but does no damage.
Sigmund is moderately wounded.
Sigmund hits you with a +0 scythe.
You die...

#..........##......
#.......>..........
#<..[....#......
####............
#.###........
........# #........
#######.# #........
#.###........
#....@.......
#...@..######
######.# .# .# #.##
.# .###..# .#
<.....# .# ......#
.......


You could see Sigmund.

Vanquished Creatures
  An adder (D:2)
  A bat (D:1)
  2 endoplasms (D:1)
  5 goblins (D:1)
  2 hobgoblins
  4 jackals (D:1)
  3 kobolds
  2 quokkas
  2 ball pythons
  2 frilled lizards (D:1)
  2 rats (D:1)
26 creatures vanquished.

Notes
Turn   | Place    | Note
-------+----------+-------------------------------------------
     0 | D:1      | RepHenryClay the Octopode Earth Elementalist began the
                  | quest for the Orb.
     0 | D:1      | Reached XP level 1. HP: 11/11 MP: 3/3
   208 | D:1      | You fall into a shaft and drop 1 floor!
   298 | D:1      | Reached XP level 2. HP: 17/17 MP: 3/5
   600 | D:1      | Found a faded altar of an unknown god.
  1215 | D:1      | Reached XP level 3. HP: 18/21 MP: 2/6
  1415 | D:2      | Learned a level 3 spell: Stone Arrow
  1442 | D:2      | Noticed Sigmund
  1483 | D:2      | Slain by Sigmund

Illustrated notes

Levels and vault maps discovered:
D:1:      sevenhm_arrival_forest_fort_large_2, layout_loops_corners,
          dreamdust_ecumenical_altar_grove
D:2:      layout_basic, basic_altar, minmay_3d_cube, uniq_jessica, uniq_sigmund

Skill      XL: |  1  2 |
---------------+-------+-----
Stealth        | 3 |  3.2
Dodging        | |  2.3
Spellcasting   | |  2.2
Conjurations   | |  0.8
Transmutations | |  1.4
Earth Magic    | |  3.2

Action                   || total
-------------------------++-------
Melee: Unarmed           ||    20
       Constrict         ||     6
       Tentacles         ||     2
 Cast: Sandblast         ||    30
 Stab: Sleeping          ||     2
Dodge: Dodged            ||    23

Table legend: (Time is in decaauts)
 A = Elapsed time spent in this place.
 B = Non-inter-level travel time spent in this place.
 C = Inter-level travel time spent in this place.
 D = Time resting spent in this place.
 E = Time spent auto-exploring this place.
 F = Levels seen in this place.
 G = Mean time per level.
                   A        B        C        D        E       F      G
               +--------+--------+--------+--------+--------+-----+--------+
         Total |   1482 |   1439 |     43 |     51 |   1216 |   2 |  741.0 |
       Dungeon |   1482 |   1439 |     43 |     51 |   1216 |   2 |  741.0 |
               +--------+--------+--------+--------+--------+-----+--------+

Top non-repeatable levels by time:
     D:1: 1348 daAuts
     D:2: 134 daAuts
